AoeStats
← Anti-Social Reclusive Hermit

Arena

509994985Analyzed
4v4 RM · 5d ago on Sep 29, 2026· 77m 14s· 8 players
Game mode
Random Map
Map size
Large (8 player)
Population
200
Speed
Normal
Resources
Standard
Victory
Conquest
Starting age
Dark Age
Ending age
Imperial Age
RankedLock teamsTeams togetherTeam positionsShared explorationLock speedFull tech treeHidden civsTurbo modeCheats
Victory
Defeat
🇷🇴 Slavs · Romania
921
+9
🇬🇧 Goths · United Kingdom
869
+11
🇧🇷 Spanish · Brazil
738
+16
🇷🇺 Huns · Russia
726
+16
🇺🇸 Franks · United States
780
-14
🇺🇸 Spanish · United States
777
-14
🇺🇸 Goths · United States
740
-13
🇺🇸 Varangians · United States
697
-11
Anti-Social Reclusive Hermit
11:30 Feudal Age
9:45 Loom
16:04 Castle Age
14:55 Double-Bit Axe
14:52 Horse Collar
27:38 Wheelbarrow
29:12 Scale Barding Armor
29:19 Forging
29:10 Padded Archer Armor
29:01 Fletching
29:35 Bow Saw
29:27 Heavy Plow
31:03 Chain Barding Armor
31:19 Iron Casting
30:38 Gold Mining
31:07 Fortified Wall
31:18 Ballistics
31:09 Masonry
31:20 Bloodlines
32:32 Murder Holes
33:03 Husbandry
34:45 Fervor
39:26 Imperial Age
36:23 Light Cavalry
38:31 Leather Archer Armor
39:45 Bodkin Arrow
41:08 Redemption
41:14 Block Printing
41:22 Sanctity
41:40 Theocracy
41:33 Illumination
41:51 Conscription
40:54 Elite Conquistador
42:40 Chemistry
43:50 Architecture
43:06 Arrowslits
45:19 Supremacy
45:35 Hoardings
45:33 Bombard Tower
46:27 Cavalier
50:30 Paladin
53:12 Hussar
56:27 Ring Archer Armor
57:34 Blast Furnace
58:35 Plate Barding Armor
eric.ashmore
10:33 Feudal Age
11:49 Wheelbarrow
11:09 Double-Bit Axe
11:49 Horse Collar
23:33 Castle Age
22:13 Scale Mail Armor
23:04 Forging
23:53 Pikeman
24:35 Squires
25:27 Stone Mining
25:29 Gold Mining
26:27 Bow Saw
26:42 Heavy Plow
31:07 Stone Shaft Mining
36:54 Imperial Age
38:12 Conscription
37:17 Capped Ram
38:57 Hand Cart
48:11 Caravan
47:45 Elite Jarl
50:16 Fletching
50:32 Scale Barding Armor
50:28 Padded Archer Armor
49:52 Crossbowman
49:58 Cranequins
53:08 Iron Casting
52:49 Chain Mail Armor
52:54 Chain Barding Armor
52:50 Leather Archer Armor
54:00 Halberdier
58:04 Arson
62:25 Blast Furnace
62:08 Plate Mail Armor
63:06 Siege Ram
70:15 Elite Varangian Guard
JT One
0:40 Loom
12:35 Feudal Age
13:06 Double-Bit Axe
18:38 Castle Age
17:46 Gold Mining
17:50 Stone Mining
20:54 Wheelbarrow
23:18 Bow Saw
25:00 Pikeman
26:47 Scale Mail Armor
26:47 Padded Archer Armor
27:33 Hand Cart
32:00 Elite Skirmisher
35:46 Imperial Age
33:45 Caravan
34:53 Husbandry
36:08 Squires
46:31 Scale Barding Armor
46:41 Chain Mail Armor
46:36 Forging
46:48 Halberdier
49:17 Plate Mail Armor
49:03 Leather Archer Armor
49:09 Chain Barding Armor
53:33 Cavalier
56:57 Iron Casting
56:12 Fletching
56:58 Plate Barding Armor
57:39 Capped Ram
hmbrick
13:36 Feudal Age
18:06 Castle Age
16:12 Horse Collar
17:37 Stone Mining
17:43 Gold Mining
20:09 Double-Bit Axe
21:43 Wheelbarrow
22:06 Caravan
26:08 Bow Saw
26:49 Hand Cart
29:14 Heavy Plow
29:55 Stone Shaft Mining
29:47 Forging
29:40 Scale Mail Armor
29:40 Pikeman
30:53 Anarchy
35:16 Imperial Age
38:04 Halberdier
38:47 Squires
39:48 Chain Mail Armor
40:09 Iron Casting
39:32 Town Watch
40:42 Town Patrol
43:48 Two-Man Saw
43:13 Conscription
42:56 Perfusion
59:56 Loom
Veni Vidi Avicii 2
4:18 Loom
12:01 Feudal Age
13:33 Double-Bit Axe
13:30 Horse Collar
20:15 Castle Age
18:34 Stone Mining
21:49 Bow Saw
21:42 Heavy Plow
25:53 Wheelbarrow
27:20 Hand Cart
27:00 Town Watch
29:03 Gold Mining
29:28 Forging
29:18 Scale Mail Armor
29:23 Scale Barding Armor
29:19 Padded Archer Armor
30:29 Fortified Wall
30:15 Murder Holes
32:22 Gold Shaft Mining
32:49 Fletching
35:37 Imperial Age
34:02 Iron Casting
33:42 Chain Mail Armor
33:44 Leather Archer Armor
34:35 Squires
33:56 Pikeman
33:56 Man-at-Arms
34:59 Bodkin Arrow
35:26 Chain Barding Armor
35:46 Coinage
35:43 Halberdier
35:44 Long Swordsman
37:34 Blast Furnace
37:05 Plate Mail Armor
37:37 Conscription
37:18 Druzhina
37:20 Detinets
36:52 Sappers
37:58 Hoardings
38:55 Plate Barding Armor
39:07 Crop Rotation
39:40 Two-Man Saw
38:03 Elite Skirmisher
39:36 Two-Handed Swordsman
43:03 Champion
46:24 Husbandry
46:34 Bloodlines
45:46 Light Cavalry
47:46 Banking
46:54 Cavalier
47:00 Cavalier
47:28 Hussar
51:45 Cavalier
70:08 Capped Ram
71:12 Siege Ram
Noobburner
4:57 Loom
13:50 Feudal Age
18:18 Castle Age
16:15 Horse Collar
16:48 Double-Bit Axe
25:23 Heavy Plow
27:12 Wheelbarrow
29:47 Fletching
31:32 Husbandry
31:42 Bloodlines
31:45 Forging
31:35 Scale Mail Armor
31:43 Scale Barding Armor
32:33 Hand Cart
33:46 Marauders
42:47 Imperial Age
41:30 Bow Saw
43:54 Iron Casting
43:39 Chain Barding Armor
44:43 Caravan
44:45 Elite Tarkan
45:49 Conscription
48:22 Bodkin Arrow
48:27 Padded Archer Armor
51:04 Blast Furnace
50:39 Plate Barding Armor
53:38 Light Cavalry
56:57 Hussar
57:41 Scale Mail Armor
68:45 Two-Man Saw
76:39 Bracer
dpiddock77
0:29 Loom
12:34 Feudal Age
15:41 Double-Bit Axe
16:01 Horse Collar
19:36 Castle Age
29:53 Imperial Age
28:02 Wheelbarrow
32:54 Murder Holes
34:54 Anarchy
35:22 Bow Saw
37:31 Pikeman
38:12 Squires
40:25 Halberdier
45:56 Chemistry
45:16 Ballistics
47:14 Onager
73:29 Scale Barding Armor
73:25 Scale Mail Armor
73:25 Padded Archer Armor
73:35 Forging
dunada04
0:42 Loom
13:44 Feudal Age
19:02 Castle Age
17:34 Double-Bit Axe
18:18 Horse Collar
19:16 Wheelbarrow
19:21 Scale Barding Armor
20:29 Bow Saw
26:36 Hand Cart
27:11 Heavy Plow
35:37 Imperial Age
33:21 Fletching
34:50 Caravan
35:36 Gold Mining
35:36 Stone Mining
37:17 Chemistry
36:20 Padded Archer Armor
36:16 Bodkin Arrow
45:33 Leather Archer Armor
45:19 Bracer
47:28 Cavalier
49:07 Chain Barding Armor
48:58 Forging
52:16 Ring Archer Armor
52:21 Iron Casting
52:22 Plate Barding Armor
59:25 Blast Furnace
58:25 Scale Mail Armor
68:45 Paladin
69:36 Bloodlines
72:06 Elite Conquistador
Connection lost

Rejoining the realm…

Still unreachable

The connection could not be restored.

Session expired

The server has moved on; the page needs a fresh start.